 Dungeon Crawl Stone Soup version 0.30-a0-322-g102857c98e (webtiles) character file.

Game seed: 4497604201766532533

53 lesbiats the Conjurer (level 3, -2/28 HPs)
             Began as a Draconian Conjurer on Oct 28, 2022.
             Slain by Sigmund
             ... wielding a +5 scythe of protection
              (9 damage)
             ... on level 2 of the Dungeon.
             The game lasted 00:09:48 (2335 turns).

lesbiats the Conjurer (Draconian Conjurer)          Turns: 2335, Time: 00:09:49

Health: -2/28      AC:  5    Str:  9    XL:     3   Next: 62%
Magic:  1/6        EV: 11    Int: 20    God:
Gold:   117        SH:  0    Dex:  9    Spells: 2/7 levels left

rFire   . . .      SeeInvis .    f - +0 short sword
rCold   . . .      Faith    .    j - +1 buckler {rN+}
rNeg    + . .      Spirit   .    (body armour unavailable)
rPois   .          Reflect  .    (helmet restricted)
rElec   .          Harm     .    (no cloak)
rCorr   +          Rampage  .    (no gloves)
Will    +....                    (no boots)
Stlth   +.........               (no amulet)
HPRegen 0.24/turn                d - ring of willpower
MPRegen 0.10/turn                k - ring of resist corrosion

@: confused
A: AC +5, unfitting armour, cold-blooded
a: no special abilities


You were on level 2 of the Dungeon.
You visited 1 branch of the dungeon, and saw 2 of its levels.

You collected 117 gold pieces.

Inventory:

Hand Weapons
 f - a +0 short sword (weapon)
Missiles
 m - 5 silver boomerangs
Armour
 j - a +1 buckler of positive energy (worn)
Jewellery
 d - a ring of willpower (left hand)
 k - a ring of resist corrosion (right hand)
Scrolls
 b - a scroll of torment {unknown}
 e - a scroll of noise {unknown}
 g - a scroll of silence {unknown}
 h - a scroll of blinking {unknown}
 l - a scroll of teleportation {unknown}
 n - a scroll of magic mapping {unknown}
Potions
 a - 2 potions of magic
 c - a potion of degeneration {unknown}
 i - a potion of brilliance {unknown}


   Skills:
 + Level 1.5 Fighting
 - Level 1.7 Dodging
 - Level 1.7 Stealth
 + Level 2.5 Spellcasting
 * Level 4.7 Conjurations


You had 2 spell levels left.
You knew the following spells:

 Your Spells              Type           Power      Damage    Failure   Level
a - Magic Dart            Conj           84%        1d7       3%          1
b - Searing Ray           Conj           42%        2d6       4%          2
c - Momentum Strike       Conj/Tloc      24%        3d8       12%         2

Your spell library contained the following spells:

 Spells                   Type           Power      Damage    Failure   Level
 Blink                    Tloc           4%         N/A       30%         2
 Dazzling Flash           Conj/Hex       24%        N/A       22%         3
 Gell's Gravitas          Tloc           2%         N/A       52%         3
 Ignite Poison            Fire/Tmut/Pois 2%         N/A       52%         3
 Kindle Blastsparks       Fire/Tloc/Air  4%         2d10      52%         3
 Lesser Beckoning         Tloc           4%         N/A       52%         3
 Teleport Other           Tloc           2%         N/A       52%         3
 Fulminant Prism          Conj/Hex       6%         3d7       58%         4
 Iskenderun's Mystic Bla  Conj/Tloc      12%        2d5       58%         4
 Freezing Cloud           Conj/Ice/Air   4%         6-21      96%         5


Dungeon Overview and Level Annotations

Branches:
Dungeon (2/15)

Altars:

Annotations:
D:2 Sigmund


Innate Abilities, Weirdness & Mutations

Your plain brown scales are hard. (AC +5)
You cannot fit into any form of body armour.
You are cold-blooded and may be slowed by cold attacks.


Message History

Sigmund is lightly wounded. (Press . to maintain the ray.) Sigmund closely misses you.
The searing ray hits Sigmund.
Sigmund is lightly wounded.
Sigmund misses you.
The searing ray hits Sigmund!
Sigmund is moderately wounded.
The searing ray hits Sigmund.
Sigmund is heavily wounded.
You finish channelling your searing ray.
Sigmund hits you from afar with a +5 scythe of protection!
Sigmund barely misses you.
Aiming: Magic Dart (safe; 3% risk of failure)
Press: ? - help, Q - select action, (/) - cycle Shift-Dir - straight line, f/p - Sigmund
Aim: Sigmund, wielding a +5 scythe of protection and wearing a +0 robe (heavily wounded, 100% to hit)
The magic dart hits Sigmund.
Sigmund is heavily wounded.
Sigmund barely misses you.
You hit Sigmund but do no damage.
Sigmund is heavily wounded.
Sigmund says, "I'm your fate."
Sigmund hits you with a +5 scythe of protection!
* * * LOW HITPOINT WARNING * * *
You are too injured to fight recklessly!
You are too injured to fight recklessly!
You hit Sigmund.
Sigmund is severely wounded.
You closely miss Sigmund. You tail-slap Sigmund.
Sigmund is severely wounded.
You block Sigmund's attack.
You barely miss Sigmund.
Sigmund is severely wounded.
Sigmund gestures at you while chanting.
You are confused.
You're too confused to cast spells.
You miss Sigmund.
Your tail-slap misses Sigmund.
Sigmund is severely wounded.
Sigmund hits you with a +5 scythe of protection!
You die...

#####..#.###.#.#...
#......##..†###.#..
#.##....#.#.#...#..
#.###.##.###.##.###
#.###.#.))# .#.#...
#.##..##.#..##.###.
#.#.....####...#.@#
######.#@#..#.@..###..##
#....<<@....####.#.#.##
#.####.###......#.@.#...
#.# ##...####.##.##
#.####.......##..##
#..................
######......########
.........#### ######..##
####### #..# #...†..


You could see Sigmund.

Vanquished Creatures
  An adder (D:2)
  2 dart slugs (D:1)
  2 endoplasms (D:1)
  A giant cockroach (D:1)
  3 goblins
  5 hobgoblins
  2 jackals (D:1)
  2 quokkas
  7 ball pythons
  A bat (D:1)
  3 frilled lizards (D:2)
  5 kobolds
  8 rats
42 creatures vanquished.

Notes
Turn   | Place    | Note
-------+----------+-------------------------------------------
     0 | D:1      | lesbiats the Draconian Conjurer began the quest for the
                  | Orb.
     0 | D:1      | Reached XP level 1. HP: 14/14 MP: 3/3
   344 | D:1      | Reached XP level 2. HP: 21/22 MP: 3/5
   364 | D:1      | Learned a level 2 spell: Searing Ray
   484 | D:1      | HP: 1/22 [dart slug/slug dart (4)]
   553 | D:1      | Reached skill level 1 in Fighting
   662 | D:1      | Found a faded altar of an unknown god.
  1237 | D:2      | Reached XP level 3. HP: 28/28 MP: 4/6
  1368 | D:2      | Learned a level 2 spell: Momentum Strike
  1919 | D:2      | Noticed Sigmund
  2335 | D:2      | Slain by Sigmund

Illustrated notes

Levels and vault maps discovered:
D:1:      dpeg_arrival_stonehenge_8_columns, layout_basic,
          chequers_ecumenical_altar_simple_redux, grunt_decor_clamped
D:2:      layout_loops_ring, minmay_strange_pillars,
          nicolae_concentric_dashed_squares_wild, minmay_misc_feat_ornament,
          minmay_pentomino_pile, uniq_sigmund

Skill      XL: |  1  2 |
---------------+-------+-----
Fighting       | 1 |  1.5
Dodging        | |  1.7
Stealth        | |  1.7
Spellcasting   | |  2.5
Conjurations   | |  4.7

Action                   || total
-------------------------++-------
Melee: Unarmed           ||    12
       Tailslap          ||    12
       Short sword       ||    72
       Punch             ||     1
 Cast: Magic Dart        ||    43
       Searing Ray       ||     3
 Stab: Sleeping          ||     1
Armor: Skin              ||    27
Dodge: Dodged            ||    59
Block: Buckler           ||     1

Table legend: (Time is in decaauts)
 A = Elapsed time spent in this place.
 B = Non-inter-level travel time spent in this place.
 C = Inter-level travel time spent in this place.
 D = Time resting spent in this place.
 E = Time spent auto-exploring this place.
 F = Levels seen in this place.
 G = Mean time per level.
                   A        B        C        D        E       F      G
               +--------+--------+--------+--------+--------+-----+--------+
         Total |   2341 |   2000 |    341 |    425 |   1109 |   2 | 1170.5 |
       Dungeon |   2341 |   2000 |    341 |    425 |   1109 |   2 | 1170.5 |
               +--------+--------+--------+--------+--------+-----+--------+

Top non-repeatable levels by time:
     D:1: 1608 daAuts
     D:2: 733 daAuts
